Unix NetHack Version 3.7.0-59 Work-in-progress - last build Jun 15 2022 12:00:05 (ba19de5de9b105df43ec81f7b8aaf5e01ff60ae8,branch:master). Game began 2022-06-19 16:04:43, ended 2022-06-19 19:39:10. pescepalla, lawful female human Samurai ---------------- #########...............| #----- ########|..............- #####....| #}}}}}}# --------------- # #|...| #} -}################### # ------------- # #|....# #} |} ############-...........| # #|..y|# #} # |...........| ------# #-----# #}-.- ### |...........| |...>..#############}}}} #############............| |.....|# # # #### -----#####|.....<.....| |......# #### ------------ # |.@?| ............| |.(...| # |..........| # ####..@i| ------------- ------- # |..........|#%### |.%!| # |...........# # ----- ## |.........<|### ###-.....{....|# ------------ Pescepalla the Kunoichi St:18 Dx:17 Co:17 In:11 Wi:7 Ch:6 Lawful Dlvl:10 $:155 HP:0(79) Pw:29(29) AC:2 Exp:9 T:7497 Hallu Latest messages: The dwarf lord misses! You hit the terracotta warrior! The Woodland-elf turns to flee. You kill the Uruk-hai! The giant beetle wields an elven broadsword! The jaguar hits! The kobold mummy hits! The lurker above misses! The chicken misses! $ - 29 gold pieces. You see here a shrieker corpse. The bugbear strikes at your displaced image and misses you! The lieutenant hits! The freezing sphere hits! The golden naga bites! The baby gold dragon hits! You miss the Nazgul. You hit the hell hound! You miss the particle man. You miss the killer bunny. The werejackal strikes at your displaced image and misses you! The salamander just misses! The Olog-hai misses! The air elemental bites! The kobold lady hits! You hit the elf mummy! You hit the tribble! The small mimic swings her elven broadsword. The gnome dummy hits! The rabid rat hits! Domo-kun hits! Gloorx Vloq misses! The red mold hits! You hit the balrog! You hit the Mordor orc. The long worm swings her elven broadsword. The baby red dragon hits! The tengu hits! King Kong hits! The Uruk-hai bites! The harpy hits! Your leg feels better. The stalker swings its elven broadsword. The errata elemental hits! The Greater Hell Beast hits! The raven hits! The rogue piercer bites! You die... Do you want your possessions identified? [ynq] (y) Do you want to see your attributes? [ynq] (y) Major events: Turn 1: pescepalla the lawful female human Samurai entered the dungeon 555: entered the Gnomish Mines 558: attained the rank of Ronin (level 3) 2030: attained the rank of Kunoichi (level 6) 2162: bestowed with Snickersnee by Amaterasu Omikami 2505: reached Mine Town 7497: killed by a hallucinogen-distorted gremlin Inventory: Coins $ - 155 gold pieces Weapons d - 29 +0 ya (in quiver) c - a +0 yumi a - a +0 katana (wielded in left hand) X - the rustproof +1 Snickersnee (wielded in right hand) Armor h - an uncursed +0 elven leather helm (being worn) n - an uncursed +1 pair of elven boots (being worn) G - an uncursed burnt +0 cloak of displacement (being worn) Z - a blessed +0 elven mithril-coat (being worn) Comestibles J - 2 uncursed tripe rations f - 2 uncursed lizard corpses F - an uncursed lizard corpse Wands B - a wand of create monster (0:13) K - a wand of digging (0:4) w - a wand of digging (0:1) s - a wand of fire (0:3) g - a wand of striking (0:4) T - a wand of striking (0:0) Tools b - an uncursed bag of holding containing 12 items m - an uncursed leather drum U - an expensive camera (0:44) H - a cursed magic lamp (lit) I - an uncursed skeleton key t - an uncursed wet towel C - a +0 unicorn horn Contents of the bag of holding: 404 gold pieces a +0 ya an uncursed +0 elven leather helm a blessed +0 mummy wrapping 2 uncursed avocado sandwiches an uncursed cream pie 2 uncursed gunyoki 2 uncursed gunyoki an uncursed lembas wafer a blessed scroll of blank paper an uncursed potion of gain ability an uncursed emerald Pescepalla the Samurai's attributes: Background: You were a Kunoichi, a level 9 female human Samurai. You were lawful, on a mission for Amaterasu Omikami who was opposed by Raijin (neutral) and Susanowo (chaotic). You were in the Dungeons of Doom, on level 10. You entered the dungeon 7497 turns ago. You had 2622 experience points, 2498 more were needed to attain level 10. Basics: You had 0 out of 79 hit points. You had all 29 energy points (spell power). Your armor class was 2. Your wallet contained 155 woolongs. Autopickup was on for '$=?"/!%' plus thrown, with exceptions. Final Characteristics: Your strength was 18 (limit:18/100). Your dexterity was 17 (limit:18). Your constitution was 17 (limit:18). Your intelligence was 11 (limit:18). Your wisdom was 7 (limit:18). Your charisma was 6 (limit:18). Final Status: You were hallucinating. You were not hungry. You were unencumbered. You were wielding two weapons at once. Your skill in long sword was limited by being skilled with two weapons. Final Attributes: You were piously aligned. You were telepathic. You were displaced. You were stealthy. You were guarded. You were fast. You are dead. Miscellaneous: You never encountered a bones level. Total elapsed playing time was 1 hour, 20 minutes and 49 seconds. Vanquished creatures: a small mimic a xan a gelatinous cube a pyrolisk an ettin zombie 2 Grey-elves a crocodile a giant beetle 2 cockatrices 3 leprechauns a mumak a giant spider 2 ice vortices 2 black lights a forest centaur a gnome ruler a dwarf mummy a werewolf 2 Green-elves 4 lizards a dog a black unicorn a plains centaur a rope golem a soldier ant a wood nymph a water nymph a mountain nymph 4 Mordor orcs an orc shaman a rock piercer 2 rock moles a pony 2 yellow lights a shrieker 7 gnome leaders 2 gnomish wizards a kobold mummy 2 ghouls 2 straw golems a paper golem a little dog 3 floating eyes 3 kittens 3 dwarves a homunculus a kobold leader 2 kobold shamans 8 hill orcs 5 rothes 2 giant bats 6 monkeys 9 dwarf zombies a werejackal an iguana 2 killer bees 2 acid blobs 2 hobbits 13 manes 2 large kobolds 5 giant rats 2 yellow molds 2 green molds 25 gnomes a gnome zombie 3 geckos 2 jackals a fox 2 kobolds 2 goblins 5 sewer rats 7 grid bugs 3 bats 7 lichens 2 kobold zombies 6 newts 207 creatures vanquished. No species were genocided or became extinct. Voluntary challenges: You read items or engraved 9 times. You engraved Elbereth 7 times. You never genocided any monsters. You never polymorphed an object. You never changed form. You used no wishes. Achievements: You entered the Gnomish Mines. You attained the rank of Ronin. You attained the rank of Kunoichi. You entered Minetown. You entered a temple. You entered a shop. The Dungeons of Doom: levels 1 to 10 Level 1: Level 2: An altar to Amaterasu Omikami. Stairs down to The Gnomish Mines. Level 3: Some fountains. Level 4: A general store, some fountains. Level 5: A fountain. Level 6: A delicatessen, an altar to Amaterasu Omikami, some fountains. Level 7: A fountain. Level 8: Some fountains. Level 9: Many fountains. Level 10: <- You were here. A fountain. Final resting place for you, killed by a hallucinogen-distorted gremlin. The Gnomish Mines: levels 3 to 5 Level 3: Level 4: Level 5: Some shops, a temple to Amaterasu Omikami, some fountains, a sink. Game over: ---------- / \ / REST \ / IN \ / PEACE \ / \ | pescepalla | | 559 Au | | killed by a | | hallucinogen-dis | | torted gremlin | | | | 2022 | *| * * * | * _________)/\\_//(\/(/\)/\//\/|_)_______ Sayonara pescepalla the Samurai... You died in The Dungeons of Doom on dungeon level 10 with 11472 points, and 559 pieces of gold, after 7497 moves. You were level 9 with a maximum of 79 hit points when you died.